 Dungeon Crawl Stone Soup version 0.29.1-12-g30fa7ad0bf (webtiles) character file.

Game seed: 6526673122394953886

328 Hrothgar the Covered (level 6, -9/38 HPs)
             Began as a Gargoyle Fighter on Jan 7, 2023.
             Was a Follower of Fedhas.
             Mangled by an ogre
             ... wielding a +0 giant club
              (17 damage)
             ... on level 5 of the Dungeon.
             The game lasted 00:11:49 (2993 turns).

Hrothgar the Covered (Gargoyle Fighter)             Turns: 2993, Time: 00:11:49

Health: -9/38      AC: 17    Str: 22    XL:     6   Next: 50%
Magic:  8/8        EV:  9    Int: 14    God:    Fedhas [*.....]
Gold:   284        SH:  6    Dex:  9    Spells: 6/7 levels left

rFire   . . .      SeeInvis .   a - +0 war axe
rCold   + . .      Faith    .   c - +2 buckler
rNeg    + . .      Spirit   .   b - +1 scale mail
rPois   ∞          Reflect  .   m - +2 hat
rElec   +          Harm     .   (no cloak)
rCorr   .          Rampage  .   (no gloves)
Will    .....                   k - +2 pair of boots
Stlth   ..........              n - amulet of magic regeneration
HPRegen 0.12/turn               g - +6 ring of intelligence
MPRegen 0.51/turn               h - ring of protection from cold

@: no status effects
A: sickness immunity, AC +4, negative energy resistance 1, electricity
resistance, torment resistance 1, petrification resistance
a: Renounce Religion


You were on level 5 of the Dungeon.
You worshipped Fedhas.
Fedhas was aware of your devotion.
You visited 1 branch of the dungeon, and saw 5 of its levels.

You collected 284 gold pieces.

Inventory:

Hand Weapons
 a - a +0 war axe (weapon)
Missiles
 q - 5 boomerangs
 r - 4 curare-tipped darts (quivered)
Armour
 b - a +1 scale mail (worn)
 c - a +2 buckler (worn)
 k - a +2 pair of boots (worn)
 m - a +2 hat (worn)
Jewellery
 g - a +6 ring of intelligence (left hand)
 h - a ring of protection from cold (right hand)
 n - an amulet of magic regeneration (around neck)
Scrolls
 e - 5 scrolls of teleportation
 p - a scroll of noise
 s - a scroll of amnesia
 t - a scroll of magic mapping
 v - 2 scrolls of poison
Potions
 d - 2 potions of might
 f - a potion of brilliance {unknown}
 i - 3 potions of flight
 j - a potion of resistance
 l - a potion of magic {unknown}


   Skills:
 * Level 3.8 Fighting
 * Level 3.5 Axes
 * Level 0.8 Throwing
 * Level 4.2 Armour
 * Level 1.0 Dodging
 * Level 1.7 Stealth
 * Level 3.9 Shields
 * Level 1.4 Spellcasting
 * Level 1.1 Summonings
 * Level 1.0 Invocations


You had 6 spell levels left.
You knew the following spells:

 Your Spells              Type           Power      Damage    Failure   Level
a - Summon Small Mammal   Summ           16%        N/A       47%         1

Your spell library contained the following spells:

 Spells                   Type           Power      Damage    Failure   Level
 Apportation              Tloc           2%         N/A       63%         1
 Necrotise                Necr           4%         1d4       63%         1
 Confusing Touch          Hex            1%         N/A       94%         3
 Dazzling Flash           Conj/Hex       2%         N/A       94%         3
 Tukima's Dance           Hex            1%         N/A       94%         3
 Animate Dead             Necr           1%         N/A       100%        4
 Iskenderun's Mystic Bla  Conj/Tloc      1%         2d3       100%        4
 Passage of Golubria      Tloc           1%         N/A       100%        4
 Yara's Violent Unravell  Hex/Tmut       0%         3d3       100%        5
 Starburst                Conj/Fire      0%         6d3       100%        6
 Enfeeble                 Hex            0%         N/A       100%        7
 Haunt                    Necr/Summ      1%         N/A       100%        7
 Infestation              Necr           0%         N/A       100%        8


Dungeon Overview and Level Annotations

Branches:
Dungeon (5/15)
 Temple: D:4-7

Altars:
Fedhas
Hepliaklqana
Nemelex Xobeh
Xom


Innate Abilities, Weirdness & Mutations

You are immune to sickness and miasma.
Your stone body is resilient. (AC +4)
You are immune to poison.
You resist negative energy. (rN+)
You are resistant to electric shocks. (rElec)
You are resistant to unholy torment.
You are immune to petrification.


Message History

Beogh smites you!
* * * LOW HITPOINT WARNING * * *
You barely miss the orc.
The orc is heavily wounded.
You hit the orc priest but do no damage.
The orc priest calls upon Beogh to heal the orc.
The orc's wounds heal themselves!
The orc hits you but does no damage.
An ogre comes into view. It is wielding a +0 giant club.
You block the orc priest's attack. You block the orc's attack.
It was a potion of curing.
You feel better. The orc barely misses you.
The orc priest calls down the wrath of Beogh upon you.
Beogh smites you!
* * * LOW HITPOINT WARNING * * *
You feel better. The orc barely misses you. The orc priest closely misses you.
Something hits you but does no damage.
You slash the orc priest!
You kill the orc priest!
Fedhas appreciates your contribution to the ecosystem.
You hit the orc. You slash the orc!
You kill the orc!
Fedhas appreciates your contribution to the ecosystem.
You barely miss something. The orc hits you but does no damage.
Something hits you but does no damage.
You hit the iguana.
The iguana is lightly wounded.
You barely miss something. You barely miss the orc.
The iguana bites you but does no damage.
The orc barely misses you. You block something's attack.
You slash the iguana!
The iguana is severely wounded.
You hit the orc.
You kill the orc!
Fedhas appreciates your contribution to the ecosystem.
You closely miss something. Something hits you but does no damage.
You block the iguana's attack. The iguana closely misses you.
Something hits you.
* * * LOW HITPOINT WARNING * * *
The ogre hits you with a +0 giant club!
You die...
Fedhas appreciates your contribution to the ecosystem.

#.. .... ...
.... ... .... >
# ###.##....o.
#.##...........
#....#.... ....
#.....)l# .....
#. ##.)@#......
. #....O......
#.##.####......
#.#..#.........
#....#.# ..###
####....####...
#.........# ##..
######.........#
#.
#..............#


You could see an ogre and an iguana.

Vanquished Creatures
  A water moccasin (D:4)
  An ice beast (D:5)
  A jelly (D:5)
  An orc priest (D:5)
  2 adders (D:3)
  A worm (D:4)
  A dart slug (D:1)
  3 orcs (D:5)
  2 endoplasms (D:1)
  A giant cockroach (D:1)
  4 goblins
  7 hobgoblins
  7 jackals
  3 quokkas
  3 ball pythons
  4 bats (D:1)
  2 frilled lizards (D:1)
  5 kobolds
  4 rats (D:1)
53 creatures vanquished.

Vanquished Creatures (others)
  11 plants (D:2)
11 creatures vanquished.

Grand Total: 64 creatures vanquished

Notes
Turn   | Place    | Note
-------+----------+-------------------------------------------
     0 | D:1      | Hrothgar the Gargoyle Fighter began the quest for the Orb.
     0 | D:1      | Reached XP level 1. HP: 14/14 MP: 1/1
   188 | D:1      | Reached XP level 2. HP: 19/19 MP: 2/2
   722 | D:1      | Reached XP level 3. HP: 20/23 MP: 3/3
  1055 | D:1      | Learned a level 1 spell: Summon Small Mammal
  2156 | D:3      | Noticed a floating eye
  2158 | D:3      | Found a faded altar of an unknown god.
  2160 | D:3      | Noticed a great orb of eyes
  2161 | D:3      | Noticed a floating eye
  2161 | D:3      | Noticed an eye of devastation
  2172 | D:3      | Prayed at the altar of an unknown god.
  2172 | D:3      | Became a worshipper of Fedhas Madash
  2172 | D:3      | Reached * piety under Fedhas
  2309 | D:3      | Found a shimmering altar of Xom.
  2311 | D:3      | Found a hazy altar of Hepliaklqana.
  2312 | D:3      | Noticed a spectral ugly thing
  2337 | D:3      | Found a sparkling altar of Nemelex Xobeh.
  2349 | D:3      | Reached XP level 4. HP: 28/28 MP: 4/4
  2370 | D:3      | Reached skill level 1 in Stealth
  2665 | D:4      | Reached skill level 1 in Spellcasting
  2670 | D:4      | Noticed a water moccasin
  2685 | D:4      | Killed a water moccasin
  2686 | D:4      | Reached skill level 4 in Armour
  2686 | D:4      | Reached XP level 5. HP: 23/33 MP: 6/6
  2926 | D:5      | Entered Level 5 of the Dungeon
  2926 | D:5      | Noticed an ice beast
  2936 | D:5      | Killed an ice beast
  2937 | D:5      | Reached skill level 1 in Dodging
  2937 | D:5      | Reached skill level 1 in Summonings
  2937 | D:5      | Reached skill level 1 in Invocations
  2937 | D:5      | Reached XP level 6. HP: 33/38 MP: 6/8
  2989 | D:5      | HP: 1/38 [orc priest/divine providence (11)]
  2993 | D:5      | Mangled by an ogre

Illustrated notes

Levels and vault maps discovered:
D:1:      sevenhm_arrival_forest_fort_small_4, layout_basic, minmay_pentomino_o2
D:2:      layout_loops_ring, serial_bayou_pond_c
D:3:      layout_basic, regret_index_temple_of_mockery, amcnicky_altar_gilded,
          hellmonk_ecumenical_altar_watching_god, minmay_puff
D:4:      layout_basic, mainiacjoe_overflow_alcove_2,
          hangedman_decor_peaks_small, kennysheep_another_room, uniq_ijyb
D:5:      layout_rooms, makhleb_altar_promises_db

Skill      XL: |  1  2  3  4  5 |
---------------+----------------+-----
Axes           | 2 3 |  3.5
Stealth        | 1 |  1.7
Spellcasting   | 1 |  1.4
Armour         | 4 |  4.2
Dodging        | 1 |  1.0
Summonings     | 1 |  1.1
Invocations    | 1 |  1.0
Fighting       | |  3.8
Throwing       | |  0.8
Shields        | |  3.9

Action                   |  1- 3 |  4- 6 || total
-------------------------+-------+-------++-------
Melee: War axe           |   125 |    59 ||   184
  Use: Scroll            |     7 |     5 ||    12
       Potion            |       |     2 ||     2
Armor: Scale mail        |    97 |    49 ||   146
Dodge: Dodged            |    87 |    25 ||   112
Block: Buckler           |    36 |    22 ||    58
